 Dungeon Crawl Stone Soup version 0.30.0-19-g36f170ea60 (webtiles) character file.

Game seed: 14936356064254492095

1 cdecastro the Caller (level 1, 0/13 HPs)
             Began as a Barachi Summoner on May 29, 2023.
             Slain by a jackal (2 damage)
             ... on level 1 of the Dungeon.
             The game lasted 00:00:54 (67 turns).

cdecastro the Caller (Barachi Summoner)               Turns: 67, Time: 00:00:55

Health: 0/13       AC:  2    Str:  9    XL:     1   Next: 20%
Magic:  2/3        EV: 12    Int: 15    God:
Gold:   0          SH:  0    Dex: 12    Spells: 3/4 levels left

rFire   . . .        (no weapon)
rCold   . . .        (no shield)
rNeg    . . .        a - +0 robe
rPois   .            (no helmet)
rElec   .            (no cloak)
rCorr   .            (no gloves)
SInv    .            (no boots)
Will    .....        (no amulet)
Stlth   ++           (no ring)
HPRegen 0.22/turn    (no ring)
MPRegen 0.08/turn

%: no passive effects
@: slow
A: amphibious, slowness 1, strong legs 1, +LOS
a: Hop


You were on level 1 of the Dungeon.
You visited 1 branch of the dungeon, and saw 1 of its levels.

Inventory:

Armour
 a - a +0 robe (worn)
Potions
 b - a potion of magic


   Skills:
 - Level 2.1 Dodging
 - Level 1.7 Stealth
 - Level 2.1 Spellcasting
 + Level 4.9 Summonings


You had 3 spell levels left.
You knew the following spells:

 Your Spells              Type           Power      Damage    Failure   Level
a - Summon Small Mammal   Summ           64%        N/A       3%          1

Your spell library contained the following spells:

 Spells                   Type           Power      Damage    Failure   Level
 Call Imp                 Summ           32%        N/A       4%          2
 Call Canine Familiar     Summ           16%        N/A       9%          3
 Summon Guardian Golem    Hex/Summ       9%         N/A       24%         3
 Summon Lightning Spire   Summ/Air       9%         N/A       61%         4


Dungeon Overview and Level Annotations

Branches:
Dungeon (1/15)

Altars:


Innate Abilities, Weirdness & Mutations

You are amphibious.
You cover ground slowly.
You can hop short distances.
You have an extended range of vision and can be seen from far away.


Message History

The jackal bites you but does no damage.
Casting: Summon Small Mammal (safe; 3% risk of failure)
Press: ? - help, Q - select action, (/) - cycle Dir - look around, f - activate The jackal bites you.
Unknown command.
You barely miss the jackal. The jackal misses you.
The jackal bites you but does no damage. x2
The jackal barely misses you.
You closely miss the jackal.
The jackal bites you but does no damage.
The jackal misses you.
The jackal bites you but does no damage.
The jackal bites you.
Your rat misses the jackal. The jackal bites you.
You miss the jackal. The jackal barely misses you.
The jackal closely misses you. The jackal barely misses you.
Your rat misses the jackal. You closely miss the jackal.
The jackal barely misses you. x2
The jackal closely misses you. The jackal bites you.
Your rat barely misses the jackal.
You hit the jackal but do no damage. The jackal barely misses you.
The jackal completely misses you.
The jackal bites you but does no damage.
The jackal bites you. The jackal misses you.
Your rat bites the jackal.
You hit the jackal but do no damage.
The jackal is lightly wounded.
The jackal bites you. x2; The jackal closely misses you.
The jackal barely misses you.
Your rat bites the jackal.
You closely miss the jackal.
The jackal is moderately wounded.
The jackal bites you but does no damage.
The jackal closely misses you. The jackal misses you. The jackal bites you.
* * * LOW HITPOINT WARNING * * *
Your rat bites the jackal.
The jackal bites you.
* * * LOW HITPOINT WARNING * * *
You hit the jackal but do no damage.
The jackal is severely wounded.
The jackal bites you.
* * * LOW HITPOINT WARNING * * *
The jackal bites you.
You die...

########## .........#####
######†§.....###
......###......##
.........###....#
######......#...##
###.....#...# ##....#..h###
##....#..@h.#######.#
###.....#.rh#....[.....
#.<....#...##.######..#
.........###....##?#
......###......###.........
###### .....### ###!...###
.##### .#### . ##


You could see 3 jackals and a friendly rat (summoned).

Vanquished Creatures (collateral kills)
  A quokka (D:1)
1 creature vanquished.

Notes
Turn   | Place    | Note
-------+----------+-------------------------------------------
     0 | D:1      | cdecastro the Barachi Summoner began the quest for the Orb.
     0 | D:1      | Reached XP level 1. HP: 13/13 MP: 3/3
    67 | D:1      | Slain by a jackal

Illustrated notes

Levels and vault maps discovered:
D:1:      dpeg_arrival_oval, layout_basic

Action                     || total
---------------------------++-------
  Melee: Unarmed           ||    12
   Cast: Summon Small Mamm ||     2
   Stab: Sleeping          ||     1
 Armour: Robe              ||     7
  Dodge: Dodged            ||    21
